Map: Crête de Lerilak

Players

GhostOrchid

  • Race: Protoss Protoss
  • League: Silver
  • Spawn Location: 7:00

zidar - Winner!

  • Race: Zerg Zerg
  • League: Silver
  • Spawn Location: 5:00

VOD

Have the link to the VOD?

Description

Time

  • Played on: Jan. 11, 2016, 10:57 a.m.
  • Length: 21:47
Show
View Real Time Build Order
Export as new Build Order

GhostOrchid Protoss 

Build Orders: 1 Gate Expand, Double Forge 

Get SALT Encoding   

  12  0:01  Probe (Chrono Boost)  
  13  0:11  Probe (Chrono Boost)  
  14  0:18  Pylon  
  14  0:22  Probe (Chrono Boost)  
  15  0:36  Probe (Chrono Boost)  
  15  0:38  Gateway  
  16  0:46  Probe (Chrono Boost)  
  17  0:57  Probe (Chrono Boost)  
  18  1:08  Probe (Chrono Boost)  
  19  1:19  Nexus  
  19  1:24  Pylon  
  20  1:31  Cybernetics Core  
  19  1:34  Probe (Chrono Boost)  
  20  1:44  Probe (Chrono Boost)  
  21  1:48  Assimilator  
  21  1:52  Assimilator  
  21  1:55  Probe (Chrono Boost)  
  22  2:06  Probe (Chrono Boost)  
  23  2:16  Probe (Chrono Boost)  
  24  2:23  Gateway x2  
  24  2:27  Gateway  
  24  2:29  Warp Gate (Chrono Boost)  
  24  2:31  Probe x2  
  26  2:48  Assimilator  
  26  2:51  Probe  
  26  2:53  Probe, Assimilator  
  26  2:57  Pylon  
  28  3:03  Probe  
  28  3:04  Probe  
  30  3:08  Stalker  
  32  3:14  Probe  
  32  3:16  Probe  
  34  3:25  Pylon  
  34  3:34  Probe  
  34  3:35  Probe  
  35  3:51  Stargate  
  35  3:52  Probe  
  35  3:53  Probe  
  45  4:09  Robotics Facility  
  37  4:14  Pylon  
  37  4:27  Forge x2  
  37  4:28  Pylon  
  37  4:31  Probe  
  37  4:33  Probe  
  39  4:41  Stalker x3  
  39  4:42  Probe, Stalker  
  39  4:45  Probe  
  49  4:47  Oracle (Chrono Boost)  
  52  4:58  Observer  
  53  5:02  Protoss Ground Armor Level 1  
  53  5:03  Protoss Ground Weapons Level 1  
  53  5:04  Probe  
  53  5:05  Probe  
  54  5:15  Probe  
  54  5:18  Probe  
  54  5:19  Oracle (Chrono Boost)  
  59  5:26  Twilight Council  
  59  5:33  Pylon  
  59  5:38  Pylon  
  59  5:43  Probe  
  59  5:45  Probe  
  61  5:52  Immortal (Chrono Boost)  
  65  6:27  Immortal (Chrono Boost)  
  65  6:42  Sentry x4  
  73  6:49  Gateway  
  73  6:52  Gateway  
  73  6:56  Void Ray, Gateway  
  73  6:58  Gateway  
  77  7:02  Gateway  
  77  7:08  Pylon  
  77  7:10  Zealot x2  
  77  7:11  Zealot x2  
  86  7:30  Observer (Chrono Boost)  
  86  7:35  Probe  
  86  7:36  Probe  
  88  7:43  Protoss Ground Armor Level 2 (Chrono Boost)  
  88  7:44  Protoss Ground Weapons Level 2 (Chrono Boost)  
  88  7:48  Immortal (Chrono Boost)  
  88  7:51  Nexus  
  92  7:53  Pylon  
  92  7:56  Void Ray, Assimilator  
  96  8:01  Assimilator  
  96  8:04  Charge  
  96  8:10  Pylon  
  96  8:27  Immortal  
  100  8:40  Pylon  
  100  8:47  Probe x2  
  101  8:49  Pylon  
  101  8:51  Stalker x2  
  101  8:52  Stalker  
  107  8:59  Probe x2  
  109  9:11  Probe  
  109  9:12  Probe  
  111  9:28  Probe  
  111  9:29  Probe x2, Pylon  
  114  9:33  Void Ray, Pylon  
  118  9:38  Probe  
  118  9:41  Probe  
  118  9:42  Probe  
  121  9:49  Probe, Immortal  
  126  9:53  Probe  
  126  9:54  Probe  
  128  10:00  Probe  
  128  10:06  Probe x2  
  128  10:09  Zealot x5  
  128  10:10  Probe, Zealot  
  141  10:19  Protoss Ground Armor Level 3 (Chrono Boost)  
  141  10:47  Immortal  
  145  10:50  Void Ray  
  145  10:52  Stalker x2  
  145  10:53  Stalker x3  
  145  10:54  Zealot x3  
  165  11:00  Pylon  
  165  11:04  Pylon  
  165  11:08  Protoss Ground Weapons Level 3 (Chrono Boost)  
  165  11:09  Pylon  
  165  11:14  Dark Shrine  
  165  11:27  Immortal  
  169  11:33  Void Ray  
  173  11:49  Zealot x2  
  173  11:50  Zealot x5  
  173  11:51  Zealot  
  189  12:20  Nexus  
  189  12:23  Pylon  
  189  12:25  Pylon  
  189  12:29  Pylon  
  189  12:31  Assimilator  
  189  12:37  Assimilator  
  189  12:39  Protoss Shields Level 1 (Chrono Boost), Pylon  
  189  12:40  Pylon  
  189  12:47  Dark Templar x3  
  189  12:48  Dark Templar x2  
  189  13:33  Templar Archives  
  189  13:35  Robotics Bay  
  189  13:40  Robotics Facility  
  189  13:46  Robotics Facility  
  189  13:50  Zealot x3  
  189  13:51  Zealot x2  
  199  14:03  Nexus  
  189  14:20  Nexus  
  189  14:22  Pylon  
  189  14:25  Pylon  
  189  14:29  Pylon  
  139  15:13  Colossus x2  
  151  15:15  Observer  
  152  15:22  Stalker x4  
  152  15:23  Stalker x5  
  170  15:33  Psionic Storm  
  170  15:44  Extended Thermal Lance (Chrono Boost)  
  170  15:51  Zealot  
  170  15:53  Zealot x4  
  170  15:54  Zealot x4  
  186  16:21  Colossus x2  
  184  16:46  Zealot x5  
  184  16:47  Zealot x4  
  192  16:51  Observer  
  199  17:03  Nexus  
  199  17:07  Pylon  
  199  17:09  Pylon  
  199  17:31  Protoss Shields Level 2  
  199  18:00  Nexus  
  190  18:10  Nexus  
  190  18:12  Pylon  
  180  18:14  Pylon  
  174  18:20  High Templar x3  
  174  18:21  High Templar x2  
  174  18:22  Sentry x4  
  174  18:25  Pylon  
  192  19:00  Assimilator  
  192  19:04  Assimilator  
  192  19:14  Assimilator  
  192  19:15  Assimilator  
  192  19:18  Assimilator  
  192  19:20  Assimilator  
  192  20:17  High Templar x2  
  192  20:18  High Templar x2  
  118  20:54  Zealot x5  
  118  20:55  Zealot x4, Pylon  
  62  21:05  Pylon  
  62  21:10  Immortal x2 (Chrono Boost)  
  71  21:14  Pylon  
  59  21:23  Zealot  
  59  21:24  Zealot x4  
Show
View Real Time Build Order
Export as new Build Order

zidar Zerg - Winner!

Build Orders: Pool First, Lurkers 

Get SALT Encoding   

  12  0:02  Drone  
  13  0:13  Overlord  
  13  0:17  Drone  
  14  0:31  Drone x2  
  14  0:35  Drone  
  17  0:51  Spawning Pool, Drone  
  17  1:14  Hatchery  
  17  1:16  Drone  
  17  1:20  Extractor  
  17  1:25  Drone  
  17  1:26  Drone  
  18  1:33  Overlord  
  18  1:45  Queen  
  20  1:49  Drone  
  21  2:04  Drone x2  
  23  2:20  Queen  
  25  2:39  Drone x5  
  30  2:48  Roach Warren  
  29  2:54  Roach Warren  
  29  3:05  Drone x6  
  35  3:07  Metabolic Boost  
  35  3:13  Overlord  
  35  3:15  Drone  
  36  3:22  Extractor, Drone  
  36  3:58  Overlord x2  
  36  4:02  Roach  
  38  4:03  Roach x3  
  38  4:08  Hatchery  
  43  4:32  Lair  
  45  4:52  Roach  
  45  4:54  Roach  
  45  4:55  Roach x6  
  45  4:56  Zergling x2  
  60  5:14  Overlord  
  60  5:15  Overlord x2  
  60  5:19  Queen  
  62  5:24  Evolution Chamber  
  61  5:30  Evolution Chamber  
  60  5:35  Overseer  
  60  5:37  Hydralisk Den  
  60  5:42  Extractor x2  
  50  6:24  Hydralisk x3  
  50  6:25  Hydralisk x5  
  65  6:44  Drone  
  65  6:45  Drone x11  
  77  6:48  Queen  
  78  7:40  Lurker Den  
  78  7:42  Zerg Ground Armor Level 1  
  78  7:58  Drone x3  
  79  7:59  Extractor, Drone  
  79  8:00  Drone x3  
  79  8:01  Drone x3  
  79  8:02  Extractor  
  86  8:13  Zerg Melee Weapons Level 1  
  86  8:19  Roach  
  88  8:20  Overlord  
  88  8:21  Overlord x3  
  88  8:57  Roach x4  
  88  8:58  Hydralisk x7  
  88  9:00  Roach  
  112  9:17  Drone x6  
  118  9:25  Lurker x2  
  118  9:31  Lurker  
  120  9:43  Zergling x2  
  121  9:52  Hatchery  
  120  10:00  Hatchery  
  119  10:21  Roach  
  121  10:23  Overlord x4  
  121  10:24  Overlord  
  121  10:51  Spire  
  121  10:57  Hydralisk x13  
  120  10:58  Hydralisk x3  
  120  11:02  Zerg Missile Weapons Level 1  
  152  11:14  Zerg Ground Armor Level 2  
  152  11:33  Hydralisk x4  
  152  11:37  Ravager  
  161  12:00  Hydralisk x2  
  165  12:08  Muscular Augments  
  165  12:32  Overlord  
  165  12:33  Overlord x4  
  165  12:34  Overlord x2  
  165  12:35  Overlord  
  165  13:01  Infestation Pit  
  164  13:16  Lurker x2  
  164  13:17  Lurker x3  
  164  13:18  Lurker  
  167  13:30  Drone x2  
  167  13:31  Drone x15  
  184  13:47  Hydralisk x7  
  198  13:54  Hive  
  154  15:23  Hydralisk  
  154  15:24  Hydralisk x4  
  154  15:25  Roach x3  
  154  15:26  Roach x15  
  186  16:50  Roach x5  
  186  16:51  Roach x2  
  200  16:55  Overseer  
  200  17:06  Hatchery  
  199  17:25  Pneumatized Carapace  
  199  17:34  Ultralisk Cavern, Adrenal Glands  
  198  17:37  Zerg Ground Armor Level 3  
  198  17:38  Zerg Melee Weapons Level 2  
  142  18:30  Ultralisk  
  142  18:31  Ultralisk x3  
  142  18:32  Ultralisk x3  
  142  18:33  Ultralisk x2  
  196  18:46  Chitinous Plating  
  196  19:19  Extractor x2  
  194  19:26  Hatchery  
  194  19:29  Hatchery  
  189  19:40  Ultralisk  
  189  19:41  Ultralisk  
  183  19:55  Zergling x2  
  183  19:56  Zergling x32  
  198  20:09  Zergling x2  
  140  21:06  Zergling x14  
  140  21:07  Zergling x8  
Tags
 
Add a new tag
Caveats
  • Supply blocks, unpowered buildings, or Contaminate may cause inaccurate times.
  • Supply counts are checked every 10 seconds.